 Dungeon Crawl Stone Soup version 0.28.0-53-g5a82cb258f (webtiles) character file.

Game seed: 4243763071505990476

665 SanguineChosen the Chopper (level 7, 0/61 HPs)
             Began as a Minotaur Berserker on Aug 3, 2022.
             Was a Believer of Trog.
             Slain by OhItsWolfy's ghost (11 damage)
             ... on level 4 of the Dungeon.
             The game lasted 00:12:31 (4173 turns).

SanguineChosen the Chopper (Minotaur Berserker)     Turns: 4173, Time: 00:12:32

Health: 0/61       AC: 10    Str: 24    XL:     7   Next: 31%
Magic:  6/6        EV:  9    Int:  4    God:    Trog [**....]
Gold:   43         SH:  0    Dex:  9    Spells: 6/6 levels left

rFire   . . .      SeeInvis .   d - +0 war axe
rCold   . . .      Faith    .   (no shield)
rNeg    . . .      Spirit   .   m - +0 chain mail
rPois   .          Reflect  .   (helmet restricted)
rElec   .          Harm     .   g - +0 cloak
rCorr   .          Rampage  .   (no gloves)
Will    ++...                   (no boots)
Stlth   ..........              (no amulet)
HPRegen 1.20/turn               (no ring)
MPRegen 0.10/turn               (no ring)

@: strong-willed, regenerating
A: horns 2, retaliatory headbutt
a: Renounce Religion, Berserk, Trog's Hand


You were on level 4 of the Dungeon.
You worshipped Trog.
Trog was pleased with you.
You visited 1 branch of the dungeon, and saw 4 of its levels.

You collected 82 gold pieces.
You spent 39 gold pieces at shops.

Inventory:

Hand Weapons
 a - a +0 hand axe
 d - a +0 war axe (weapon)
 e - a +2 flail of holy wrath
Missiles
 h - 14 poisoned darts (quivered)
 j - 3 curare-tipped darts
Armour
 g - a +0 cloak (worn)
 m - a +0 chain mail (worn)
Wands
 b - a wand of mindburst (21)
 l - a wand of iceblast (3)
Scrolls
 i - a scroll of torment {unknown}
 o - a scroll of enchant armour {unknown}
 p - a scroll of silence {unknown}
Potions
 c - a potion of lignification
 f - a potion of haste
 n - a potion of brilliance {unknown}


   Skills:
 + Level 5.5 Fighting
 + Level 7.9 Axes
 + Level 4.8 Armour
 + Level 3.1 Dodging


You had 6 spell levels left.
You didn't know any spells.
Your spell library was empty.

Dungeon Overview and Level Annotations

Branches:
Dungeon (4/15)             Temple (0/1) D:4

Altars:

Shops:
D:3 =[**   D:4 [(*

Annotations:
D:4 OhItsWolfy's ghost, amateur GrGl


Innate Abilities, Weirdness & Mutations

You have a pair of horns on your head.
You reflexively headbutt those who attack you in melee.


Message History

You hit the hornet zombie. You headbutt the hornet zombie.
The hornet zombie is almost destroyed.
You hit OhItsWolfy's ghost but do no damage.
You completely miss the howler monkey zombie.
OhItsWolfy's ghost hits you!
* * * LOW HITPOINT WARNING * * *
The hornet zombie hits you.
* * * LOW HITPOINT WARNING * * *
The howler monkey zombie hits you but does no damage.
You feel better. The hornet zombie hits you. OhItsWolfy's ghost hits you.
* * * LOW HITPOINT WARNING * * *
The howler monkey zombie hits you but does no damage.
The hornet zombie hits you but does no damage.
You feel better.
OhItsWolfy's ghost hits you but does no damage.
The hornet zombie barely misses you.
The howler monkey zombie hits you but does no damage.
Aiming: Iceblast
Press: ? - help, Q - select action, (/) - cycle Shift-Dir - straight line That beam is likely to hit you.
Continue anyway?
Uppercase [Y]es or [N]o only, please.
That beam is likely to hit you.
Continue anyway?
The mass of ice explodes!
The iceblast engulfs the hornet zombie!
The hornet zombie partially resists.
You destroy the hornet zombie!
Trog accepts your kill.
The iceblast engulfs the howler monkey zombie.
The howler monkey zombie partially resists.
The howler monkey zombie is almost destroyed.
The iceblast engulfs OhItsWolfy's ghost!
OhItsWolfy's ghost is almost destroyed.
The iceblast engulfs you!
* * * LOW HITPOINT WARNING * * *
OhItsWolfy's ghost hits you.
* * * LOW HITPOINT WARNING * * *
The howler monkey zombie hits you but does no damage.
Your skin crawls.
You feel strong-willed. OhItsWolfy's ghost hits you!
You die...

###............######
#....>.......# ###
##...........# #..
#.8...8.....# #..
#...........# #..
####...##...# #..
#...##...####..
####...####.......
###@.....#..........
#.Z.W....#..........
#.....####..........
###'''### #..........
#.......# #....######
##.....## #....#
#.......# ######
##..$$.## ..#.#..


You could see OhItsWolfy's ghost and a howler monkey zombie.

Vanquished Creatures
  A hornet zombie (D:4)
  A black bear (D:4)
  An ogre (D:4)
  A scorpion (D:4)
  2 jellies (D:4)
  A centaur skeleton (D:4)
  2 iguanas (D:4)
  Terence (D:3)
  A hound skeleton (D:4)
  6 adders
  A gnoll (D:1)
  An adder skeleton (D:4)
  2 dart slugs (D:3)
  5 orcs
  8 bats
  7 endoplasms
  3 giant cockroaches
  8 goblins
  7 hobgoblins
  5 kobolds
  7 quokkas
  7 frilled lizards
  2 rats
80 creatures vanquished.

Notes
Turn   | Place    | Note
-------+----------+-------------------------------------------
     0 | D:1      | SanguineChosen the Minotaur Berserker began the quest for
                  | the Orb.
     0 | D:1      | Reached XP level 1. HP: 19/19 MP: 0/0
   174 | D:1      | Found a faded altar of an unknown god.
   380 | D:1      | Reached skill level 4 in Axes
   380 | D:1      | Reached XP level 2. HP: 27/27 MP: 1/1
  1150 | D:1      | Reached XP level 3. HP: 33/33 MP: 2/2
  1400 | D:2      | Reached ** piety under Trog
  1454 | D:2      | Reached XP level 4. HP: 41/41 MP: 3/3
  1455 | D:2      | Reached skill level 5 in Axes
  2089 | D:3      | Noticed Terence
  2089 | D:3      | Found Dexuopn's Jewellery Boutique.
  2097 | D:3      | Killed Terence
  2360 | D:3      | Found Lirphel's General Store.
  2375 | D:3      | Bought a potion of curing for 39 gold pieces
  2417 | D:3      | Found Yrhad's Assorted Antiques.
  2621 | D:3      | Reached XP level 5. HP: 31/47 MP: 4/4
  2838 | D:3      | Found Zeirphihui's Armour Shoppe.
  3217 | D:4      | Found Caycvu's Weapon Shop.
  3225 | D:4      | Reached skill level 6 in Axes
  3275 | D:4      | Found a staircase to the Ecumenical Temple.
  3293 | D:4      | Found Duigh's General Store.
  3338 | D:4      | Noticed an ogre
  3358 | D:4      | Killed an ogre
  3359 | D:4      | Reached skill level 5 in Fighting
  3359 | D:4      | Reached XP level 6. HP: 49/56 MP: 5/5
  3680 | D:4      | Found Pakoxzon's Armour Emporium.
  3706 | D:4      | Reached skill level 7 in Axes
  3831 | D:4      | Reached XP level 7. HP: 49/61 MP: 6/6
  4144 | D:4      | Found a runed translucent gate.
  4144 | D:4      | Found a runed translucent gate.
  4144 | D:4      | Found a runed translucent gate.
  4150 | D:4      | Noticed OhItsWolfy's ghost (amateur GrGl)
  4173 | D:4      | Slain by OhItsWolfy's ghost

Illustrated notes

Levels and vault maps discovered:
D:1:      minmay_arrival_radiant_lines, layout_basic, basic_ecumenical_altar,
          hangedman_feature_mirror
D:2:      layout_loops_ring
D:3:      layout_basic, serial_shops, nicolae_shop_statue_plus,
          nicolae_shop_crystal, shop, nicolae_shop_trees, grunt_ministairs_15,
          uniq_terence
D:4:      layout_basic, temple_green, serial_shops, shop, nicolae_shop_crystal,
          nicolae_stop_n_shop_1, gammafunk_ghost_necromancy,
          minmay_misc_feat_iff, minmay_close_crescents

Skill      XL: |  1  2  3  4  5  6 |
---------------+-------------------+-----
Axes           | 4 5 6 7 |  7.9
Fighting       | 4 5 |  5.5
Armour         | 3 4 |  4.8
Dodging        | 3 |  3.1

Action                   |  1- 3 |  4- 6 |  7- 9 || total
-------------------------+-------+-------+-------++-------
Melee: Hand axe          |    34 |       |       ||    34
       Headbutt          |     5 |    15 |     5 ||    25
       War axe           |    24 |   112 |    15 ||   151
       Punch             |     1 |     2 |       ||     3
Invok: Trog's Hand       |       |     1 |     1 ||     2
Evoke: Wand              |       |       |     1 ||     1
  Use: Scroll            |       |     6 |     1 ||     7
       Potion            |       |     1 |     3 ||     4
Armor: Animal skin       |     2 |       |       ||     2
       Ring mail         |    18 |    17 |       ||    35
       Chain mail        |       |    47 |    28 ||    75
Dodge: Dodged            |    42 |    52 |    10 ||   104
